 Dungeon Crawl Stone Soup version 0.25-a0-425-g0e000e855e (webtiles) character file.

Game seed: 14853451302885137862, levelgen mode: deterministic

4189 Eurus the Thaumaturge (level 10, -3/70 HPs)
             Began as a Mummy Conjurer on Jan 24, 2020.
             Was a Follower of Ashenzari.
             Slain by a hornet (13 damage)
             ... on level 8 of the Dungeon.
             The game lasted 00:33:33 (11555 turns).

Eurus the Thaumaturge (Mummy Conjurer)             Turns: 11555, Time: 00:33:34

Health: -3/70      AC:  5    Str: 11    XL:     10   Next: 8%
Magic:  11/23      EV: 15    Int: 17    God:    Ashenzari [*.....]
Gold:   339        SH:  0    Dex: 14    Spells: 19/28 levels left

rFire    . . .     SeeInvis .   k - +3 dagger
rCold    + . .     Gourm    .   (no shield)
rNeg     + + +     Faith    .   p - +0 robe {rF+}
rPois    ∞         Spirit   .   g - +0 helmet
rElec    .         Reflect  .   d - +0 cloak
rCorr    .         Harm     .   m - +0 pair of gloves
MR       +....                  (no boots)
Stlth    ++........             (no amulet)
HPRegen  0.21/turn              (no ring)
MPRegen  0.18/turn              (no ring)

@: no status effects
A: no food or potions, fire vulnerability, cold resistance 1, negative energy
resistance 3, torment resistance, unbreathing
a: Curse Item, Scrying, Renounce Religion


You were on level 8 of the Dungeon.
You worshipped Ashenzari.
Ashenzari was aware of your devotion.
You were not hungry.

You visited 1 branch of the dungeon, and saw 8 of its levels.
You also visited: Sewer.

You collected 339 gold pieces.

Inventory:

Hand Weapons
 k - a +3 dagger (weapon)
Armour
 b - a +0 shield
 d - a +0 cloak (worn)
 g - a +0 helmet (worn)
 m - a +0 pair of gloves (worn)
 p - a +0 robe of fire resistance (worn)
Wands
 c - a wand of paralysis (11)
Scrolls
 e - 6 scrolls of remove curse
 f - 5 scrolls of immolation
 h - 3 scrolls of blinking
 i - 2 scrolls of amnesia
 j - 4 scrolls of teleportation
 l - a scroll of fear
 n - a scroll of noise {unknown}
 o - a scroll of identify


   Skills:
 - Level 3.0 Fighting
 + Level 4.9 Dodging
 - Level 1.5 Stealth
 + Level 9.7 Spellcasting
 + Level 7.3 Conjurations
 + Level 5.8 Translocations


You had 19 spell levels left.
You knew the following spells:

 Your Spells              Type           Power        Failure   Level  Hunger
a - Magic Dart            Conj           ####         1%          1    N/A
b - Searing Ray           Conj           ####..       1%          2    N/A
c - Blink                 Tloc           N/A          1%          2    N/A
d - Iskenderun's Mystic   Conj/Tloc      ####....     6%          4    N/A

Your spell library contained the following spells:

 Spells                   Type           Power        Failure   Level  Hunger
 Conjure Flame            Conj/Fire      ###.....     6%          3    N/A
 Dazzling Flash           Conj/Hex       ###...       6%          3    N/A
 Mephitic Cloud           Conj/Pois/Air  ###.....     10%         3    N/A
 Call Imp                 Summ           #.......     13%         2    N/A
 Slow                     Hex            #.......     13%         2    N/A
 Sticks to Snakes         Tmut           #.......     13%         2    N/A
 Fulminant Prism          Conj/Hex       ###.......   19%         4    N/A
 Beastly Appendage        Tmut           Unusable     N/A         1    N/A
 Spider Form              Tmut/Pois      Unusable     N/A         3    N/A
 Ice Form                 Ice/Tmut       Unusable     N/A         4    N/A
 Blade Hands              Tmut           Unusable     N/A         5    N/A

Dungeon Overview and Level Annotations

Branches:
Dungeon (8/15)             Temple (0/1) D:7           Sewer (visited)
   Lair: D:8-11

Altars:
Ashenzari
Ru
Sif Muna
Uskayaw
Wu Jian

Shops:
D:8 !

Annotations:
D:6 Sigmund
D:8 Maurice


Innate Abilities, Weirdness & Mutations

You do not eat or drink.
Your flesh is vulnerable to fire.
You are immune to poison.
Your flesh is cold resistant. (rC+)
You are immune to negative energy. (rN+++)
You are immune to unholy pain and torment.
You can survive without breathing.


Message History

The hornet is heavily wounded.
The hornet barely misses you. The hornet stings you!
The searing ray misses the hornet.
You finish channeling your searing ray.
The hornet stings you.
Casting: Searing Ray (safe; 1% risk of failure)
Confirm with . or Enter, or press ? or * to list all spells.
Aiming: Searing Ray (safe; 1% risk of failure)
Press: ? - help, Shift-Dir - straight line, f/p - hornet
Aim: a hornet (heavily wounded)
The searing ray misses the hornet. (Press . to maintain the ray.)
The hornet stings you! x2
The searing ray hits the hornet!
The hornet is almost dead.
The hornet stings you!
* * * LOW HITPOINT WARNING * * *
The searing ray hits the hornet.
The hornet is almost dead.
The hornet stings you!
You die...

## #.# #########
##†#
........#####.#y##
............##.#@#
..#####.....# #.##
≈######.....###.# .#
≈..[........#..#...#
≈.#..............#.#
##...###...###..## #
.##..#....<# #..#
##>#.#.#......!...
#..#.......###...?.


You could see a hornet.

Vanquished Creatures
  A wyvern (D:7)
  Eustachio (D:4)
  Grum (D:8)
  A soldier ant (D:8)
  An orc warrior (D:7)
  Purgy (Sewer)
  3 sky beasts
  An ice beast (D:7)
  A centaur (D:5)
  5 ogres
  3 wolves
  A big kobold (D:6)
  4 bullfrogs (D:7)
  A wyvern skeleton (D:6)
  2 scorpions
  3 howler monkeys
  11 wights
  2 crimson imps
  A bullfrog zombie (D:6)
  2 jellies
  A quasit (D:8)
  2 gnoll shamans
  2 hounds
  3 bullfrog skeletons
  2 centaur skeletons
  Jessica (D:2)
  3 orc priests
  8 worker ants
  2 iguanas
  6 orc wizards
  A worker ant zombie (D:6)
  Robin (D:1)
  8 gnolls
  9 adders
  A shadow imp (D:5)
  2 oozes
  An adder zombie (D:8)
  5 worms
  2 dart slugs
  8 leopard geckos
  12 orcs
  7 giant cockroaches
  6 hobgoblins
  8 jackals
  32 kobolds
  2 quokkas
  2 ball pythons
  6 bats
  8 frilled lizards
  A giant cockroach zombie (D:5)
  21 goblins
  A jackal zombie (D:7)
  A leopard gecko skeleton (D:4)
  A quokka zombie (D:5)
  9 rats
231 creatures vanquished.

Notes
Turn   | Place    | Note
-------+----------+-------------------------------------------
     0 | D:1      | Eurus the Mummy Conjurer began the quest for the Orb.
     0 | D:1      | Reached XP level 1. HP: 13/13 MP: 4/4
   507 | D:1      | Reached XP level 2. HP: 16/20 MP: 3/5
   526 | D:1      | Reached skill level 3 in Spellcasting
   587 | D:1      | Learned a level 2 spell: Searing Ray
   988 | D:1      | Reached skill level 1 in Fighting
  1097 | D:2      | Noticed Robin
  1241 | D:1      | Killed Robin
  1241 | D:1      | Reached XP level 3. HP: 25/26 MP: 2/7
  1671 | D:2      | Found a shattered altar of Ashenzari.
  1676 | D:2      | Noticed Jessica
  1677 | D:2      | Became a worshipper of Ashenzari the Shackled
  1686 | D:2      | Killed Jessica
  1686 | D:2      | Reached XP level 4. HP: 32/33 MP: 4/9
  2482 | D:3      | Reached skill level 4 in Spellcasting
  2482 | D:3      | Reached XP level 5. HP: 34/38 MP: 2/11
  2913 | D:3      | Reached XP level 6. HP: 40/46 MP: 6/12
  3569 | D:4      | Learned a level 2 spell: Blink
  3875 | D:4      | Reached skill level 5 in Spellcasting
  3875 | D:4      | Reached skill level 1 in Translocations
  3953 | D:4      | Noticed Eustachio
  4001 | D:4      | Reached XP level 7. HP: 52/52 MP: 9/14
  4241 | D:4      | Found a sacrificial altar of Ru.
  4361 | D:4      | Noticed a +0 hand axe
  4361 | D:4      | Noticed a +0 dagger
  4362 | D:4      | Found a hide-covered altar of Uskayaw.
  4706 | D:5      | Entered Level 5 of the Dungeon
  5272 | D:4      | Reached skill level 6 in Spellcasting
  5490 | D:5      | Reached skill level 5 in Conjurations
  6005 | D:5      | Reached XP level 8. HP: 58/58 MP: 11/17
  6264 | D:4      | Killed Eustachio
  6470 | D:6      | Reached skill level 7 in Spellcasting
  6494 | D:6      | Found a glowing drain.
  6523 | Sewer    | Entered a sewer
  6608 | Sewer    | Noticed Purgy
  6615 | Sewer    | Killed Purgy
  6996 | D:6      | Found a shimmering blue altar of Sif Muna.
  7937 | D:6      | Noticed Sigmund
  8281 | D:6      | Learned a level 4 spell: Iskenderun's Mystic Blast
  8299 | D:6      | Reached skill level 8 in Spellcasting
  9182 | D:7      | Reached XP level 9. HP: 49/63 MP: 16/21
  9520 | D:7      | Reached * piety under Ashenzari
  9837 | D:7      | Reached skill level 5 in Translocations
 10003 | D:7      | Found an ornate altar of the Wu Jian Council.
 10132 | D:7      | Reached skill level 9 in Spellcasting
 10241 | D:7      | Found a staircase to the Ecumenical Temple.
 10505 | D:8      | Noticed Maurice
 10526 | D:8      | Noticed Grum
 10867 | D:8      | Killed Grum
 10876 | D:8      | Found Poinam's Distillery.
 11293 | D:8      | Reached XP level 10. HP: 70/70 MP: 17/23
 11555 | D:8      | Slain by a hornet

Levels and vault maps discovered:
D:1:      ebering_trefoil_twist, layout_basic, minmay_pentomino_x2
D:2:      layout_rooms, evilmike_ruin_ashenzari, uniq_jessica, uniq_robin
D:3:      layout_loops_cross
D:4:      layout_loops_ring, kennysheep_mini_moat, dancing_weapons_uskayaw,
          uniq_eustachio
D:5:      layout_gridville, first_ration
D:6:      kennysheep_kobold_camp, layout_basic, lemuel_coloured_pillars_altar,
          cheibrodos_sewer_entry_bend, chequers_serial_rivers_micro_c,
          uniq_sigmund
D:7:      layout_loops_cross, lemuel_doored_altar, minmay_temple_entry_grid
D:8:      layout_loops_ring, serial_shops, nicolae_shop_waterfront,
          hangedman_pestilent_swarm, uniq_maurice, uniq_grum

Skill      XL: |  1  2  3  4  5  6  7  8  9 |
---------------+----------------------------+-----
Spellcasting   | 3 4 5 6 8 9 |  9.7
Fighting       | 1 2 3 |  3.0
Dodging        | 2 3 4 |  4.9
Conjurations   | 4 5 6 7 |  7.3
Translocations | 1 2 4 5 |  5.8
Stealth        | |  1.5

Action                   |  1- 3 |  4- 6 |  7- 9 | 10-12 || total
-------------------------+-------+-------+-------+-------++-------
Melee: Short sword       |    45 |    88 |    75 |       ||   208
       Unarmed           |     8 |       |       |       ||     8
       Dagger            |       |       |   103 |     8 ||   111
 Cast: Magic Dart        |    48 |    68 |   131 |     6 ||   253
       Searing Ray       |     3 |    15 |    73 |     7 ||    98
  Use: Scroll            |       |     3 |     5 |       ||     8
 Stab: Sleeping          |       |     2 |     5 |       ||     7
Armor: Robe              |     9 |    17 |    41 |     5 ||    72
Dodge: Dodged            |    41 |    77 |   194 |    22 ||   334

Table legend:
 A = Non-vault XP
 B = Vault XP
 C = Vault XP percentage of total XP
 D = Non-vault monster count
 E = Vault monster count
 F = Vault count percentage of total count
                 A         B        C        D         E       F
            +---------+---------+-------+---------+---------+-------
      Total |    4731 |    1254 |  21.0 |     180 |      51 |  22.1
            +---------+---------+-------+---------+---------+-------
        D:1 |      29 |      24 |  45.3 |      21 |       5 |  19.2
        D:2 |      41 |      53 |  56.4 |      10 |      10 |  50.0
        D:3 |     311 |       0 |   0.0 |      37 |       0 |   0.0
        D:4 |     465 |     202 |  30.3 |      18 |       1 |   5.3
        D:5 |     569 |       0 |   0.0 |      15 |       0 |   0.0
        D:6 |     704 |     132 |  15.8 |      20 |      23 |  53.5
        D:7 |    1953 |     115 |   5.6 |      44 |       1 |   2.2
        D:8 |     659 |     590 |  47.2 |      15 |       5 |  25.0
      Sewer |       0 |     138 | 100.0 |       0 |       6 | 100.0
            +---------+---------+-------+---------+---------+-------
